 Dungeon Crawl Stone Soup version 0.21-a0-531-gacddea6 (webtiles) character file.

42 Gerstahl the Skirmisher (level 3, -3/29 HPs)
             Began as a Demonspawn Monk on Dec 12, 2017.
             Slain by a kobold
             ... wielding a +1 dagger of venom
              (4 damage)
             ... on level 2 of the Dungeon.
             The game lasted 00:02:53 (1345 turns).

Gerstahl the Skirmisher (Demonspawn Monk)           Turns: 1345, Time: 00:02:53

Health: -3/29      AC:  2    Str: 11    XL:     3   Next: 33%
Magic:  0/3        EV: 12    Int: 11    God:
Gold:   43         SH:  0    Dex: 16    Spells: 2/2 levels left

rFire    . . .     SeeInvis .   a - +0 falchion
rCold    . . .     Gourm    .   (no shield)
rNeg     . . .     Faith    .   b - +0 robe
rPois    .         Spirit   +   (no helmet)
rElec    .         Reflect  .   (no cloak)
rCorr    .         Harm     .   (no gloves)
MR       .....                  (no boots)
Stlth    ++........             (no amulet)
HPRegen  0.09/turn              (no ring)
MPRegen  0.08/turn              (no ring)

@: lethally poisoned (-3 -> -16), heavily drained
A: magic shield
a: no special abilities


You were on level 2 of the Dungeon.
You were near starving.

You visited 1 branch of the dungeon, and saw 2 of its levels.

You collected 43 gold pieces.

Inventory:

Hand Weapons
 a - a +0 falchion (weapon)
Armour
 b - a +0 robe (worn)
Jewellery
 h - an uncursed amulet of harm
Scrolls
 d - 3 scrolls of remove curse {unknown}
 f - a scroll of teleportation {unknown}
Potions
 e - 2 potions of curing {unknown}
 i - a potion of berserk rage {unknown}
Comestibles
 c - 2 bread rations
 g - 4 fruits


   Skills:
 + Level 3.6(1.9) Fighting
 + Level 3.6(1.9) Long Blades
 - Level 2.6(1.0) Dodging
 - Level 1.7(0.1) Stealth


You had 2 spell levels left.
You didn't know any spells.

Dungeon Overview and Level Annotations

Branches:
Dungeon (2/15)

Altars:


Innate Abilities, Weirdness & Mutations

When hurt, damage is shared between your health and your magic reserves.


Message History

You closely miss the kobold.
The kobold is severely wounded.
* * * LOW HITPOINT WARNING * * *
You feel sick.
The kobold hits you with a dagger of venom.
* * * LOW HITPOINT WARNING * * *
You barely miss the kobold.
The kobold is severely wounded.
* * * LOW HITPOINT WARNING * * *
You feel sick. The kobold barely misses you.
You riposte.
You closely miss the kobold.
The kobold is severely wounded.
The kobold hits you but does no damage.
You are more poisoned.
You miss the kobold.
The kobold is moderately wounded.
* * * LOW HITPOINT WARNING * * *
You feel sick.
The kobold hits you with a dagger of venom.
You die...

##############
#.)..w@K......
#.############
#.# #.# #.#
#.#
#.#######...
#...........
####>####.#


You could see a worm and a kobold.

Vanquished Creatures
  4 dart slugs (D:1)
  A leopard gecko (D:1)
  2 giant cockroaches (D:1)
  6 hobgoblins (D:1)
  A ball python (D:1)
  A bat (D:1)
  4 frilled lizards
  2 goblins (D:1)
  7 kobolds
  4 rats (D:1)
32 creatures vanquished.

Notes
Turn   | Place    | Note
-------+----------+-------------------------------------------
     0 | D:1      | Gerstahl the Demonspawn Monk began the quest for the Orb.
     0 | D:1      | Reached XP level 1. HP: 18/18 MP: 1/1
   213 | D:1      | Gained mutation: When hurt, damage is shared between your health and your magic reserves. [demonic ancestry]
   213 | D:1      | Reached XP level 2. HP: 14/24 MP: 2/2
   705 | D:1      | Reached XP level 3. HP: 27/29 MP: 3/3
  1027 | D:2      | HP: 1/29 [worm (8)]
  1345 | D:2      | HP: 1/29 [poisoned by a kobold]
  1345 | D:2      | Slain by a kobold

Vault maps used:
D:1:      lightli_arrival_noodles
D:2:      nicolae_ru_the_path_less_chosen, first_bread, minmay_rat_gold_closets

Skill      XL: |  1 |
---------------+----+-----
Long Blades    | 3 |  3.6
Fighting       | |  3.6
Dodging        | |  2.6
Stealth        | |  1.7

Action                   || total
-------------------------++-------
Melee: Falchion          ||   111
 Stab: Sleeping          ||     3
Armor: Robe              ||    12
Dodge: Dodged            ||    97
       Rpst.: Falchion   ||    25

Table legend:
 A = Spawn XP
 B = Non-spawn XP
 C = Spawn XP percentage of total XP
 D = Spawn monster count
 E = Non-spawn monster count
 F = Spawn count percentage of total count
 G = Total turns spent on level
                    A         B        C        D         E        F      G
               +---------+---------+-------+---------+---------+-------+---------
         Total |       0 |      60 |   0.0 |       0 |      32 |   0.0 |  1345
               +---------+---------+-------+---------+---------+-------+---------
           D:1 |       0 |      58 |   0.0 |       0 |      30 |   0.0 |  1276
           D:2 |       0 |       2 |   0.0 |       0 |       2 |   0.0 |    69
               +---------+---------+-------+---------+---------+-------+---------
